 Dungeon Crawl Stone Soup version 0.24.0-125-gc4c63601f3 (webtiles) character file.

Game seed: 14021658201127283411, levelgen mode: deterministic

186 Martska the Firebug (level 5, -1/38 HPs)
             Began as a Demonspawn Fire Elementalist on Feb 18, 2020.
             Killed by nerve-wracking pain
             ... invoked by Grinder
              (5 damage)
             ... on level 3 of the Dungeon.
             The game lasted 00:10:40 (3047 turns).

Martska the Firebug (Demonspawn Fire Elementalist)  Turns: 3047, Time: 00:10:41

Health: -1/38      AC:  3    Str: 10    XL:     5   Next: 38%
Magic:  8/8        EV: 12    Int: 16    God:
Gold:   26         SH:  0    Dex: 13    Spells: 8/9 levels left

rFire    . . .     SeeInvis .     - Unarmed
rCold    + . .     Gourm    .   (no shield)
rNeg     . . .     Faith    .   h - +0 leather armour
rPois    .         Spirit   .   (no helmet)
rElec    .         Reflect  .   (no cloak)
rCorr    .         Harm     .   (no gloves)
MR       .....                  (no boots)
Stlth    +.........             (no amulet)
HPRegen  0.12/turn              g - ring of ice
MPRegen  0.11/turn              (no ring)

@: no status effects
A: claws 2, hooves 1, fire resistance 1
a: no special abilities


You were on level 3 of the Dungeon.
You were not hungry.

You visited 1 branch of the dungeon, and saw 3 of its levels.

You collected 26 gold pieces.

Inventory:

Hand Weapons
 b - a +0 short sword
Armour
 a - a +0 robe
 h - a +0 leather armour (worn)
Jewellery
 g - a ring of ice (left claw)
Scrolls
 k - a scroll of remove curse
Potions
 e - a potion of agility
 i - a potion of curing {unknown}
 j - a potion of magic {unknown}
 l - a potion of berserk rage {unknown}
Comestibles
 c - 2 rations


   Skills:
 * Level 1.8 Fighting
 + Level 2.5 Dodging
 - Level 1.7 Stealth
 * Level 2.2 Unarmed Combat
 + Level 2.6 Spellcasting
 + Level 2.0 Conjurations
 + Level 3.2 Fire Magic


You had 8 spell levels left.
You knew the following spells:

 Your Spells              Type           Power        Failure   Level  Hunger
a - Flame Tongue          Conj/Fire      ##...        9%          1    #......

Your spell library contained the following spells:

 Spells                   Type           Power        Failure   Level  Hunger
 Throw Flame              Conj/Fire      ##....       14%         2    ##.....
 Conjure Flame            Conj/Fire      ##......     26%         3    ###....
 Inner Flame              Hex/Fire       #.......     38%         3    ###....
 Sticky Flame             Conj/Fire      ##......     65%         4    #####..
 Fireball                 Conj/Fire      ##........   94%         5    ######.


Dungeon Overview and Level Annotations

Branches:
Dungeon (3/15)

Altars:
Xom

Annotations:
D:2 Ijyb
D:3 Grinder, Natasha


Innate Abilities, Weirdness & Mutations

You have very sharp fingernails.
You have large cloven feet.
Your flesh is heat resistant. (rF+)


Message History

Grinder closely misses you.
You closely miss Grinder. You kick Grinder, but do no damage.
Grinder is lightly wounded.
Grinder misses you.
You closely miss Grinder.
Grinder is lightly wounded.
You barely miss Grinder. You kick Grinder.
Grinder is moderately wounded.
Grinder gestures at you. Pain shoots through your body!
Grinder gestures at you. Pain shoots through your body!
* * * LOW HITPOINT WARNING * * *
The crimson imp blinks!
Grinder gestures at you. Pain shoots through your body!
* * * LOW HITPOINT WARNING * * *
Grinder gestures at you. Pain shoots through your body!
You die...

##############
##............#
##.....## .#
#.......######.#
#...............
#.........[.....
########.....####.#...
#.5..@..........#(#..>
#g########..#.#.#.#...
#.# #..#.#.#.#... #g#
#............ #.# .
#..#.#.....#. #ยง#
.##..#.#####.#. #r#
).$.#.# #.## #.#
####..#.# #.## ..)
......#.# #)..


You could see Grinder and a goblin.

Vanquished Creatures
  An orc wizard (D:2)
  An iguana (D:3)
  6 gnolls (D:2)
  2 adders (D:2)
  An ooze (D:1)
  A worm (D:2)
  2 leopard geckos (D:2)
  3 orcs (D:2)
  3 ball pythons (D:1)
  4 giant cockroaches
  2 hobgoblins
  A quokka (D:2)
  6 bats
  3 frilled lizards
  6 goblins
  4 kobolds
  2 rats
48 creatures vanquished.

Notes
Turn   | Place    | Note
-------+----------+-------------------------------------------
     0 | D:1      | Martska the Demonspawn Fire Elementalist began the quest
                  | for the Orb.
     0 | D:1      | Reached XP level 1. HP: 13/13 MP: 3/3
    83 | D:1      | Gained mutation: You have sharp fingernails. [demonic
                  | ancestry]
    83 | D:1      | Reached XP level 2. HP: 8/20 MP: 1/5
  1355 | D:2      | Reached skill level 1 in Unarmed Combat
  1364 | D:2      | Gained mutation: You have large cloven feet. [demonic
                  | ancestry]
  1364 | D:2      | Reached XP level 3. HP: 16/25 MP: 6/6
  1623 | D:2      | Reached skill level 1 in Fighting
  1630 | D:2      | Reached skill level 3 in Fire Magic
  1631 | D:2      | Gained mutation: You have very sharp fingernails. [demonic
                  | ancestry]
  1631 | D:2      | Reached XP level 4. HP: 32/32 MP: 1/7
  1644 | D:2      | Found a shimmering altar of Xom.
  2404 | D:2      | Gained mutation: Your flesh is heat resistant. (rF+)
                  | [demonic ancestry]
  2404 | D:2      | Reached XP level 5. HP: 36/37 MP: 8/8
  2748 | D:2      | Noticed Ijyb
  2756 | D:3      | Noticed Grinder
  2798 | D:3      | Noticed Natasha
  3047 | D:3      | Killed from afar by Grinder

Levels and vault maps discovered:
D:1:      onia_arrival_handbag, layout_rooms, hex_tiny,
          chequers_serial_rivers_micro_e
D:2:      kennysheep_the_goblin_king, layout_loops_corners, lemuel_round_altar,
          corexii_leaking_fountain, minivault_19
D:3:      layout_loops_ring, first_ration, uniq_sigmund, uniq_grinder,
          uniq_natasha, uniq_terence

Skill      XL: |  1  2  3  4  5 |
---------------+----------------+-----
Dodging        | 2 |  2.5
Unarmed Combat | 1 2 |  2.2
Fighting       | 1 |  1.8
Fire Magic     | 3 |  3.2
Conjurations   | 2 |  2.0
Stealth        | |  1.7
Spellcasting   | |  2.6

Action                   |  1- 3 |  4- 6 || total
-------------------------+-------+-------++-------
Melee: Short sword       |     8 |       ||     8
       Unarmed           |    97 |    57 ||   154
       Kick              |     4 |    12 ||    16
 Cast: Flame Tongue      |    18 |     8 ||    26
  Use: Scroll            |       |     4 ||     4
 Stab: Sleeping          |     2 |       ||     2
  Eat: Ration            |     1 |     1 ||     2
       Chunk             |       |     2 ||     2
Armor: Robe              |     7 |       ||     7
       Leather armour    |    16 |     7 ||    23
Dodge: Dodged            |    83 |    33 ||   116
